Map: Romanticide LE

Players

PtitDrogo - Winner!

  • Race: Protoss Protoss

HeroMarine

  • Race: Terran Terran

Event: DreamHack SC2 Masters 2021 Fall

VOD

Have the link to the VOD?

Description

Time

  • Played on: Aug. 5, 2021, 12:37 p.m.
  • Length: 9:36

All games in this series

Show
View Real Time Build Order
Export as new Build Order

PtitDrogo Protoss - Winner!

Build Orders: 1 Gate Expand, Phoenix Opening, Mass Phoenix 

Get SALT Encoding   

  12  0:00  Probe  
  13  0:12  Probe  
  14  0:18  Pylon  
  14  0:24  Probe (Chrono Boost)  
  15  0:37  Gateway, Probe (Chrono Boost)  
  16  0:45  Probe (Chrono Boost)  
  16  0:47  Assimilator  
  17  0:51  Probe  
  18  1:03  Probe  
  19  1:15  Probe  
  20  1:24  Cybernetics Core  
  20  1:33  Nexus  
  20  1:40  Pylon  
  20  1:43  Probe  
  21  1:48  Assimilator  
  21  1:55  Probe  
  21  1:57  Adept (Chrono Boost)  
  24  2:08  Probe  
  25  2:17  Adept (Chrono Boost)  
  25  2:20  Probe  
  28  2:30  Stargate  
  28  2:32  Probe  
  29  2:38  Warp Gate  
  30  2:47  Probe (Chrono Boost)  
  30  2:48  Probe (Chrono Boost)  
  30  2:50  Adept  
  33  2:56  Probe (Chrono Boost)  
  35  2:58  Probe (Chrono Boost)  
  35  3:01  Probe (Chrono Boost)  
  36  3:08  Probe  
  37  3:13  Probe  
  37  3:15  Phoenix (Chrono Boost)  
  40  3:20  Probe  
  40  3:25  Probe  
  40  3:31  Gateway  
  40  3:32  Probe  
  40  3:33  Gateway  
  41  3:35  Phoenix (Chrono Boost)  
  41  3:37  Probe  
  41  3:41  Pylon  
  44  3:44  Probe  
  45  3:49  Probe  
  46  3:59  Phoenix (Chrono Boost), Probe  
  46  4:01  Pylon, Probe  
  50  4:03  Assimilator  
  50  4:05  Assimilator  
  50  4:10  Robotics Facility  
  50  4:11  Probe  
  50  4:13  Probe  
  50  4:16  Phoenix (Chrono Boost)  
  52  4:23  Probe  
  55  4:24  Pylon  
  55  4:25  Probe  
  56  4:35  Probe  
  56  4:37  Phoenix (Chrono Boost)  
  56  4:38  Adept, Probe  
  62  4:44  Adept  
  64  4:47  Probe  
  64  4:48  Shield Battery, Adept  
  64  4:50  Probe  
  68  4:54  Pylon  
  68  4:56  Phoenix  
  68  4:59  Pylon  
  70  5:12  Probe x2  
  72  5:14  Adept x2, Robotics Bay  
  72  5:17  Adept  
  72  5:19  Shield Battery  
  78  5:22  Pylon  
  78  5:26  Phoenix  
  80  5:29  Probe  
  80  5:30  Pylon  
  80  5:31  Probe  
  82  5:43  Adept x3  
  88  5:51  Phoenix  
  75  6:09  Probe x2  
  75  6:12  Colossus (Chrono Boost), Extended Thermal Lance  
  75  6:17  Nexus  
  81  6:20  Pylon  
  81  6:21  Probe x2  
  81  6:23  Forge  
  83  6:33  Probe  
  83  6:35  Twilight Council, Probe  
  83  6:39  Pylon  
  85  6:45  Probe  
  85  6:46  Protoss Ground Weapons Level 1  
  86  6:47  Probe  
  86  6:52  Colossus (Chrono Boost)  
  87  6:57  Pylon, Probe  
  87  6:59  Probe  
  95  7:09  Probe  
  95  7:10  Sentry  
  95  7:11  Charge (Chrono Boost)  
  95  7:13  Gateway x2  
  95  7:15  Gateway  
  98  7:17  Probe  
  98  7:20  Shield Battery  
  99  7:29  Colossus (Chrono Boost)  
  103  7:40  Assimilator  
  103  7:43  Assimilator, Gateway  
  103  7:44  Gateway  
  103  7:45  Gateway x2  
  103  7:51  Zealot x2  
  103  7:52  Zealot  
  109  8:07  Photon Cannon  
  109  8:09  Probe, Warp Prism (Chrono Boost)  
  112  8:17  Templar Archives  
  112  8:19  Pylon, Zealot x2  
  116  8:20  Zealot x3  
  116  8:23  Zealot  
  124  8:28  Pylon  
  124  8:29  Pylon  
  124  8:47  Zealot  
  124  8:48  Zealot x2, Stalker x4  
  130  8:49  Zealot  
  130  8:52  Zealot  
  124  9:03  Zealot  
  100  9:10  Zealot x4  
  96  9:18  Stalker x2  
  96  9:22  Stalker  
Show
View Real Time Build Order
Export as new Build Order

HeroMarine Terran 

Build Orders: Reaper Expand 

Get SALT Encoding   

  12  0:00  SCV  
  13  0:12  SCV  
  14  0:17  Supply Depot  
  14  0:24  SCV  
  15  0:39  SCV  
  15  0:40  Barracks  
  16  0:43  Refinery  
  16  0:51  SCV  
  17  1:03  SCV  
  18  1:15  SCV  
  19  1:26  Reaper  
  19  1:27  Orbital Command  
  20  1:43  Command Center  
  20  1:50  Supply Depot  
  20  1:53  SCV  
  21  1:58  Marine  
  22  2:05  SCV  
  22  2:07  Factory  
  23  2:12  Refinery  
  23  2:18  SCV  
  23  2:19  Barracks Reactor  
  24  2:30  SCV  
  24  2:36  Barracks  
  25  2:42  SCV  
  26  2:53  Widow Mine  
  26  2:54  SCV  
  26  2:56  Orbital Command  
  29  2:58  Marine  
  29  2:59  Marine  
  29  3:03  Starport  
  30  3:06  SCV  
  31  3:16  Marine x2  
  31  3:18  Widow Mine  
  35  3:22  SCV  
  35  3:24  SCV  
  35  3:26  Barracks Tech Lab  
  36  3:34  Marine x2  
  36  3:35  SCV  
  36  3:36  SCV  
  36  3:39  Supply Depot  
  40  3:41  Medivac  
  40  3:46  Stimpack  
  40  3:47  Marine  
  43  3:49  SCV  
  43  3:52  SCV  
  45  3:56  Factory Tech Lab  
  45  3:57  Marine  
  45  3:59  Marine  
  46  4:03  Supply Depot, SCV  
  46  4:05  Marine  
  46  4:06  SCV  
  49  4:16  Siege Tank  
  53  4:17  Marine  
  53  4:18  Marine  
  53  4:20  Supply Depot  
  54  4:24  Marine  
  54  4:25  SCV x2  
  57  4:35  Marine  
  57  4:36  Marine  
  57  4:37  SCV x2, Barracks, Engineering Bay  
  61  4:42  Supply Depot  
  61  4:46  Marine  
  61  4:48  Siege Tank  
  61  4:50  SCV x2  
  67  4:52  Marine  
  67  4:54  Marine  
  67  4:59  Supply Depot  
  69  5:03  Marine, Missile Turret  
  69  5:04  Missile Turret  
  69  5:07  Terran Infantry Weapons Level 1  
  70  5:10  SCV x2  
  70  5:12  Starport Reactor  
  70  5:13  Marine  
  73  5:16  Marine  
  74  5:21  Marine  
  74  5:22  SCV  
  74  5:23  Refinery, SCV  
  74  5:28  Combat Shield  
  77  5:29  Factory Reactor  
  77  5:30  Factory Tech Lab  
  77  5:31  Marine  
  77  5:34  Marine  
  77  5:35  SCV x2  
  81  5:36  Supply Depot  
  81  5:38  Marine  
  81  5:39  Marine  
  80  5:49  Marine, Siege Tank  
  84  5:51  Marine  
  84  5:52  SCV  
  84  5:57  Marine, SCV  
  86  5:59  Marine  
  71  6:07  Marine  
  71  6:09  Marine, Medivac  
  65  6:11  Medivac  
  65  6:12  Refinery  
  65  6:15  Marine, Supply Depot  
  65  6:17  Marine  
  67  6:21  SCV, Command Center  
  68  6:27  Marine, Siege Tank  
  68  6:29  Marine  
  71  6:33  Marine  
  71  6:34  SCV  
  71  6:35  Marine  
  72  6:41  SCV  
  72  6:45  Marine  
  72  6:46  SCV  
  75  6:47  Marine  
  75  6:52  Marine  
  75  6:53  SCV  
  78  6:56  Barracks  
  78  6:58  Marine  
  78  6:59  Barracks  
  78  7:02  Marine  
  78  7:04  Siege Tank  
  78  7:05  Marine  
  78  7:06  Medivac  
  78  7:07  Medivac  
  85  7:12  Marine  
  85  7:13  SCV  
  85  7:14  SCV  
  88  7:16  Marine  
  88  7:20  Marine  
  90  7:24  Marine  
  90  7:25  SCV  
  90  7:26  SCV  
  90  7:30  Marine  
  90  7:34  Marine  
  92  7:38  Marine  
  92  7:39  Siege Tank  
  92  7:40  Viking  
  92  7:41  Viking  
  92  7:42  Marine  
  101  7:46  Marine  
  101  7:49  Supply Depot  
  102  7:52  Supply Depot  
  102  7:56  Concussive Shells  
  102  8:00  Barracks Tech Lab  
  102  8:10  Marine x3  
  102  8:11  Marauder x2  
  109  8:14  Viking x2  
  115  8:20  Marauder  
  115  8:23  Siege Tank  
  118  8:31  Marine x2, Supply Depot  
  118  8:32  Marine, Marauder x2  
  125  8:48  Marine  
  125  8:52  Viking x2  
  125  8:53  Marauder x2  
  134  9:00  Marauder  
  134  9:02  Marine x2  
  120  9:06  Marine  
  96  9:14  Marine, Marauder  

Tags
 
Add a new tag
Caveats
  • Supply blocks, unpowered buildings, or Contaminate may cause inaccurate times.
  • Supply counts are checked every 10 seconds.